 Dungeon Crawl Stone Soup version 0.29.0 (webtiles) character file.

Game seed: 9832976536538817363

27745 Dorkslayer the Spear-Bearer (level 13, -8/116 HPs)
             Began as a Hill Orc Fighter on Sept 21, 2022.
             Was an Initiate of Gozag.
             Killed by an exploding ball lightning (40 damage)
             ... on level 12 of the Dungeon.
             The game lasted 00:36:06 (13718 turns).

Dorkslayer the Spear-Bearer (Hill Orc Fighter)     Turns: 13718, Time: 00:36:08

Health: -8/116     AC: 22    Str: 26    XL:     13   Next: 34%
Magic:  13/13      EV:  9    Int: 10    God:    Gozag
Gold:   1221       SH:  0    Dex: 16    Spells: 12/12 levels left

rFire   + . .      SeeInvis .   m - +3 glaive of the Lachrymose God {vorpal, Str+4 Dex+6}
rCold   + . .      Faith    .   (shield currently unavailable)
rNeg    . . .      Spirit   .   E - +0 plate armour
rPois   .          Reflect  .   F - +1 hat
rElec   .          Harm     .   D - +0 cloak
rCorr   .          Rampage  .   e - +2 pair of gloves {Stlth+}
Will    .....                   S - +0 pair of boots
Stlth   ..........              v - amulet of the acrobat
HPRegen 0.29/turn               q - ring of protection from cold
MPRegen 0.13/turn               r - ring of protection from fire

@: mighty, lethally poisoned (-8 -> -15), gold aura, studying Shields
A: no striking features
a: Renounce Religion, Potion Petition, Call Merchant, Bribe Branch


You were on level 12 of the Dungeon.
You worshipped Gozag.
Gozag was most pleased with you.
You visited 2 branches of the dungeon, and saw 13 of its levels.
You also visited: Ossuary and Bailey.

You collected 2759 gold pieces.
You spent 397 gold pieces at shops.
You paid 1141 gold pieces to Gozag.

Inventory:

Hand Weapons
 a - a +1 war axe
 b - a +0 war axe
 m - the +3 glaive of the Lachrymose God (weapon) {vorpal, Str+4 Dex+6}
   (You found it on level 2 of the Dungeon)

   It inflicts extra damage upon your enemies.
   Str:       It affects your strength (+4).
   Dex:       It affects your dexterity (+6).
 K - a +3 trident
 N - a +4 scimitar of freezing
 P - a +4 scimitar
 Q - a +6 bardiche of freezing
Missiles
 h - 8 boomerangs (quivered)
 w - 3 throwing nets
Armour
 e - a +2 pair of gloves of stealth (worn)
 o - a +2 buckler
 D - a +0 cloak (worn)
 E - a +0 plate armour (worn)
 F - a +1 hat (worn)
 S - a +0 pair of boots (worn)
 T - a +1 buckler of positive energy
 V - a +0 kite shield
Jewellery
 c - a ring of positive energy
 q - a ring of protection from cold (left hand)
 r - a ring of protection from fire (right hand)
 v - an amulet of the acrobat (around neck)
Wands
 p - a wand of charming (15)
 C - a wand of light (4)
 I - a wand of flame (70)
Scrolls
 k - 2 scrolls of immolation
 l - 2 scrolls of summoning
 s - 3 scrolls of noise {unknown}
 t - 2 scrolls of blinking {unknown}
 u - a scroll of butterflies
 x - a scroll of silence {unknown}
 y - a scroll of torment {unknown}
 B - a scroll of poison {unknown}
 G - 3 scrolls of teleportation {unknown}
 H - a scroll of acquirement {unknown}
 J - 2 scrolls of enchant armour
 M - 2 scrolls of amnesia {unknown}
 R - 2 scrolls of vulnerability {unknown}
 U - a scroll of fear
Potions
 d - a potion of might
 f - a potion of cancellation
 g - 4 potions of heal wounds
 i - 2 potions of brilliance
 j - 6 potions of curing {unknown}
 n - 4 potions of flight
 z - a potion of berserk rage
 L - a potion of mutation {unknown}
 O - 3 potions of resistance {unknown}


   Skills:
 * Level 11.5 Fighting
 + Level 2.5 Long Blades
 + Level 3.3(10.3) Axes
 + Level 12.7(12.8) Polearms
 * Level 7.1 Throwing
 * Level 10.8 Armour
 + Level 3.8 Dodging
 + Level 1.7 Stealth
 + Level 5.0 Shields
 * Level 8.3 Evocations


You had 12 spell levels left.
You didn't know any spells.
Your spell library contained the following spells:

 Spells                   Type           Power      Damage    Failure   Level
 Dazzling Flash           Conj/Hex       0%         N/A       100%        3
 Portal Projectile        Hex/Tloc       0%         N/A       100%        3
 Stone Arrow              Conj/Erth      0%         3d7       100%        3
 Tukima's Dance           Hex            0%         N/A       100%        3
 Airstrike                Air            0%         2d(0-16)  100%        4
 Animate Armour           Summ/Erth      0%         N/A       100%        4
 Passage of Golubria      Tloc           0%         N/A       100%        4
 Summon Lightning Spire   Summ/Air       0%         N/A       100%        4
 Agony                    Necr           0%         N/A       100%        5
 Blade Hands              Tmut           0%         N/A       100%        5
 Fireball                 Conj/Fire      0%         3d3       100%        5
 Iskenderun's Battlesphe  Conj           0%         2d6       100%        5
 Lightning Bolt           Conj/Air       0%         1d11      100%        5
 Silence                  Hex/Air        0%         N/A       100%        5
 Yara's Violent Unravell  Hex/Tmut       0%         3d3       100%        5
 Dispersal                Tloc           0%         N/A       100%        6
 Iron Shot                Conj/Erth      0%         9d1       100%        6
 Starburst                Conj/Fire      0%         6d3       100%        6
 Spellforged Servitor     Conj/Summ      0%         N/A       100%        7
 Disjunction              Tloc           0%         N/A       100%        8
 Ignition                 Fire           0%         3d3       100%        8
 Lehudib's Crystal Spear  Conj/Erth      0%         10d2      100%        8


Dungeon Overview and Level Annotations

Branches:
Dungeon (12/15)            Temple (0/1) D:6            Lair (0/5) D:8
    Orc (1/2) D:10        Ossuary (visited)          Bailey (visited)

Altars:
Cheibriados
Elyvilon
Fedhas
Gozag
Kikubaaqudgha
Okawaru
Qazlal
Ru
Sif Muna
Trog
Uskayaw
Vehumet
Wu Jian
Xom
Zin
The Shining One

Shops:
D:10 [   D:11 *[   D:12 *

Portals:
Trove: D:11 (show slimy rune of Zot)


Message History

You are more poisoned.
You hit NobodyHome's ghost.
NobodyHome's ghost is severely damaged.
You feel very sick.
The efreet gestures at NobodyHome's ghost.
The fireball explodes!
The fireball engulfs NobodyHome's ghost.
NobodyHome's ghost resists.
The fireball engulfs the efreet.
The efreet completely resists.
The fireball engulfs you. You resist.
NobodyHome's ghost points at you and mumbles some strange words.
The stone arrow hits you!!!
You feel much better.
You feel very sick.
NobodyHome's ghost mumbles some strange words. 2 ball lightnings come into view.
You slice the efreet!!
You kill the efreet!
You feel very sick.
A ball lightning comes into view.
The ball lightning explodes!
The blast of lightning engulfs NobodyHome's ghost!
The blast of lightning engulfs the ball lightning.
The ball lightning completely resists.
The blast of lightning engulfs the gargoyle!
The gargoyle resists.
The blast of lightning engulfs you!!
* * * LOW HITPOINT WARNING * * *
The ball lightning explodes!
The blast of lightning engulfs NobodyHome's ghost!!
NobodyHome's ghost is destroyed!
The blast of lightning engulfs you!!
* * * LOW HITPOINT WARNING * * *
The blast of lightning engulfs the ball lightning.
The ball lightning completely resists.
You feel much better.
You feel very sick.
The ball lightning explodes!
The blast of lightning engulfs the gargoyle!
The gargoyle resists.
The blast of lightning engulfs you!!!
You die...
Your body crumbles into a pile of gold.

##.8.##.........
#.$$.$#........#
#8$$$$'........#
#∩$8_.'....)...#
#8$$.$$..##....#
#∩.$$9#$..# ..#
##.8∩##...# #
.#####$$###
.......@#
........#
........#
........##+#
.......<...#
...........#
.....>.....+
#####......#
#......#


You could see a gargoyle.

Vanquished Creatures
  Gastronok (D:10)
  Harold (D:10)
  A great orb of eyes (D:12)
  A two-headed ogre (D:10)
  Pikel (D:4)
  An orc knight (Bailey)
  2 manticores
  A cyclops (D:9)
  A gargoyle (D:9)
  5 rime drakes (D:11)
  An efreet (D:12)
  A komodo dragon (D:8)
  An unseen horror (D:6)
  2 trolls (D:10)
  A shadow (D:10)
  A vampire (D:7)
  4 wraiths
  A wyvern (D:9)
  Eustachio (D:6)
  19 yaks
  3 steam dragons
  2 vampire mosquitoes (D:12)
  An acid dragon (D:11)
  A water moccasin (D:7)
  14 orc warriors
  2 sky beasts
  An ice beast (D:5)
  3 black bears
  4 ogres
  5 centaurs
  A kobold brigand (D:9)
  2 bullfrogs
  3 gnoll sergeants
  12 scorpions
  12 wights
  5 howler monkeys
  A centaur zombie (Ossuary)
  Crazy Yiuf (D:6)
  2 jellies
  4 orc priests
  7 hounds
  2 gnoll boudas
  An iguana (D:7)
  4 scorpion zombies (Ossuary)
  9 orc wizards
  3 mummies (Ossuary)
  9 adders
  12 gnolls
  3 shadow imps
  A white imp (D:7)
  An ufetubus (D:4)
  A worm (D:3)
  2 dart slugs
  48 orcs
  3 bats
  7 endoplasms
  4 giant cockroaches
  14 goblins
  8 hobgoblins
  16 kobolds
  5 quokkas
  8 ball pythons
  2 frilled lizards (D:1)
  A goblin zombie (Ossuary)
  2 hobgoblin zombies (Ossuary)
  A kobold zombie (Ossuary)
  2 orc zombies (Ossuary)
  3 rats (D:3)
305 creatures vanquished.

Vanquished Creatures (others)
  The ghost of NobodyHome the Eclecticist, an adept DjTm of Hepliaklqana (D:12)
  A two-headed ogre (D:12)
  A rime drake (D:11)
  An orc (Orc:1)
  3 ball lightnings (D:12)
  A fungus (D:2)
  38 plants
46 creatures vanquished.

Grand Total: 351 creatures vanquished

Notes
Turn   | Place    | Note
-------+----------+-------------------------------------------
     0 | D:1      | Dorkslayer the Hill Orc Fighter began the quest for the
                  | Orb.
     0 | D:1      | Reached XP level 1. HP: 19/19 MP: 1/1
   767 | D:1      | Reached XP level 2. HP: 23/27 MP: 2/2
  1339 | D:2      | Found a hide-covered altar of Uskayaw.
  1544 | D:2      | Found a faded altar of an unknown god.
  1552 | D:2      | Reached XP level 3. HP: 20/33 MP: 3/3
  1865 | D:2      | Identified the +3 glaive of the Lachrymose God {vorpal,
                  | Str+4 Dex+6}
  2190 | D:2      | Reached skill level 1 in Dodging
  2348 | D:2      | Reached XP level 4. HP: 36/40 MP: 4/4
  2919 | D:3      | Reached skill level 1 in Polearms
  3333 | D:4      | Reached XP level 5. HP: 46/46 MP: 5/5
  3339 | D:4      | Found a glowing golden altar of the Shining One.
  3386 | D:4      | Reached skill level 2 in Polearms
  3432 | D:4      | Found a shimmering altar of Xom.
  3473 | D:4      | Found a sacrificial altar of Ru.
  3486 | D:4      | Reached skill level 1 in Throwing
  3553 | D:4      | Found a sand-covered staircase.
  3560 | Ossuary  | Entered an ossuary
  3580 | Ossuary  | Reached skill level 3 in Polearms
  3580 | Ossuary  | Reached XP level 6. HP: 47/53 MP: 6/6
  3638 | Ossuary  | Reached skill level 4 in Polearms
  3638 | Ossuary  | Reached skill level 1 in Evocations
  3891 | Ossuary  | Reached XP level 7. HP: 47/60 MP: 7/7
  4097 | Ossuary  | Reached skill level 5 in Polearms
  4122 | Ossuary  | Reached skill level 5 in Fighting
  4174 | Ossuary  | Reached skill level 6 in Polearms
  4174 | Ossuary  | Reached XP level 8. HP: 50/68 MP: 8/8
  4526 | D:4      | Found an opulent altar of Gozag.
  4527 | D:4      | Found a glowing silver altar of Zin.
  4544 | D:4      | Became a worshipper of Gozag Ym Sagoz the Greedy
  4815 | D:4      | Found a stormy altar of Qazlal.
  4871 | D:4      | Found a blossoming altar of Fedhas.
  4916 | D:5      | Entered Level 5 of the Dungeon
  4916 | D:5      | Noticed Pikel
  4933 | D:4      | Killed Pikel
  4934 | D:4      | Reached skill level 7 in Polearms
  5133 | D:5      | Reached skill level 5 in Armour
  5143 | D:5      | Reached XP level 9. HP: 75/75 MP: 9/9
  5536 | D:5      | Identified the +5 quarterstaff of Change {antimagic, Dex+4
                  | Stlth+}
  5568 | D:5      | Reached skill level 8 in Polearms
  5797 | D:6      | Killed an unseen horror
  5951 | D:6      | Noticed Eustachio
  5952 | D:6      | Found a staircase to the Ecumenical Temple.
  5956 | D:6      | Killed Eustachio
  6165 | D:6      | Found a runed translucent door.
  6166 | D:6      | Noticed Crazy Yiuf
  6176 | D:6      | Killed Crazy Yiuf
  6464 | D:6      | Found a radiant altar of Vehumet.
  6838 | D:7      | Reached XP level 10. HP: 70/86 MP: 10/10
  6844 | D:7      | Reached skill level 9 in Polearms
  6965 | D:7      | Found a bloodstained altar of Trog.
  7179 | D:7      | Found an iron altar of Okawaru.
  7179 | D:7      | Found a white marble altar of Elyvilon.
  7180 | D:7      | Found an ancient bone altar of Kikubaaqudgha.
  7811 | D:8      | Noticed a manticore
  7821 | D:8      | Killed a manticore
  7972 | D:8      | Reached skill level 5 in Evocations
  8551 | D:8      | Reached skill level 10 in Polearms
  8735 | D:8      | Found a staircase to the Lair.
  8743 | D:8      | Reached XP level 11. HP: 70/95 MP: 11/11
  8885 | D:8      | Found a snail-covered altar of Cheibriados.
  8932 | D:9      | Reached skill level 5 in Throwing
  9257 | D:9      | Reached skill level 1 in Stealth
  9265 | D:9      | Found an ornate altar of the Wu Jian Council.
  9507 | D:9      | Noticed a cyclops
  9513 | D:9      | Killed a cyclops
  9641 | D:9      | Reached skill level 11 in Polearms
  9767 | D:9      | Found a shimmering blue altar of Sif Muna.
  9916 | D:10     | Entered Level 10 of the Dungeon
  9920 | D:10     | Noticed Gastronok
  9940 | D:10     | Killed Gastronok
 10170 | D:10     | Noticed Harold
 10172 | D:10     | Found a flagged portal.
 10186 | D:10     | Killed Harold
 10197 | Bailey   | Entered a bailey
 10737 | Bailey   | Noticed an orc knight
 10744 | Bailey   | Killed an orc knight
 10760 | Bailey   | Reached skill level 10 in Fighting
 10760 | Bailey   | Reached skill level 12 in Polearms
 10760 | Bailey   | Reached skill level 5 in Shields
 10760 | Bailey   | Reached XP level 12. HP: 29/108 MP: 12/12
 11156 | D:10     | Found Saont's Antique Armour Boutique.
 11661 | D:10     | Reached skill level 10 in Armour
 11819 | D:10     | Noticed a two-headed ogre
 11826 | D:10     | Killed a two-headed ogre
 11827 | D:10     | Reached XP level 13. HP: 87/115 MP: 13/13
 11997 | D:10     | Found a staircase to the Orcish Mines.
 12003 | Orc:1    | Entered Level 1 of the Orcish Mines
 12013 | Orc:1    | Noticed an orc warlord
 12334 | D:11     | Found a portal to a secret trove of treasure.
 12909 | D:11     | Found the +4 skin of Zhor {*Englaciate rC+++ SInv}
 13605 | D:11     | Bought a scroll of identify for 68 gold pieces
 13605 | D:11     | Bought a wand of flame (4) for 95 gold pieces
 13605 | D:11     | Bought a scroll labelled ACSYD KITWYGA for 34 gold pieces
 13605 | D:11     | Bought an emerald potion for 30 gold pieces
 13605 | D:11     | Bought a potion of heal wounds for 170 gold pieces
 13683 | D:12     | Found a runed translucent gate.
 13684 | D:12     | Found a runed translucent gate.
 13684 | D:12     | Found an opulent altar of Gozag.
 13685 | D:12     | Found a runed translucent gate.
 13687 | D:12     | Noticed a great orb of eyes
 13687 | D:12     | Noticed NobodyHome's ghost (adept DjTm)
 13688 | D:12     | Found Imivath's Assorted Antiques.
 13713 | D:12     | Killed a great orb of eyes
 13717 | D:12     | Killed NobodyHome's ghost
 13718 | D:12     | Killed by an exploding ball lightning

Illustrated notes

Levels and vault maps discovered:
D:1:      dpeg_arrival_circle_labyrinth_b, layout_basic
D:2:      layout_loops_corners, basic_altar, shapermc_ecumenical_altar_gd
D:3:      layout_basic, hangedman_decor_growths
D:4:      layout_basic, grunt_temple_overflow_gold_and_silver, minitemple,
          nicolae_ru_great_annihilating_truth, mainiacjoe_overflow_alcove_4,
          tso_metal_star, nicolae_ossuary_entry_monument
D:5:      layout_rooms, nicolae_grassy_gnolls, uniq_pikel
D:6:      layout_rooms, minmay_temple_entry_waves, minmay_ruined_shrine,
          uniq_eustachio, uniq_crazy_yiuf_cottage
D:7:      layout_loops_corners, chequers_temple_overflow_statue_of_worship,
          trog_hazing_becter
D:8:      layout_rooms, kennysheep_slug_shrine, david_lair_shrubbed
D:9:      layout_loops_ring, mainiacjoe_overflow_alcove_1, lemuel_blue_sif_altar
D:10:     layout_basic, orc_0_dummy, enter_bailey_5, serial_shops,
          nicolae_take_the_stairs, minmay_between, uniq_gastronok, uniq_harold
D:11:     layout_grid_maze, enter_trove_6, hellmonk_guarded_unrand_zhor
D:12:     layout_irregular_city, ebering_ghost_gozag, eino_curves_03
Orc:1:    layout_caves

Skill      XL: |  1  2  3  4  5  6  7  8  9 10 11 12 13 |
---------------+----------------------------------------+-----
Fighting       | 4 5 6 7 8 10 11 | 11.5
Axes           | 3 |  3.3
Dodging        | 1 2 3 |  3.8
Polearms       | 1 3 4 6 7 8 10 12 | 12.7
Throwing       | 1 2 3 4 6 7 |  7.1
Armour         | 4 5 6 8 9 10 | 10.8
Evocations     | 1 2 4 6 7 8 |  8.3
Stealth        | 1 |  1.7
Long Blades    | 2 |  2.5
Shields        | 5 |  5.0

Action                   |  1- 3 |  4- 6 |  7- 9 | 10-12 | 13-15 || total
-------------------------+-------+-------+-------+-------+-------++-------
Melee: War axe           |    63 |       |       |       |       ||    63
       Glaive            |    16 |    76 |   230 |   304 |    76 ||   702
Throw: Boomerang         |       |       |     1 |    28 |       ||    29
Invok: Call Merchant     |       |       |       |       |     2 ||     2
Evoke: Wand              |       |       |       |    20 |     7 ||    27
  Use: Scroll            |       |     9 |     4 |     2 |     2 ||    17
       Potion            |       |       |       |     3 |     3 ||     6
 Stab: Distracted        |       |       |       |     2 |       ||     2
       Invisible         |       |       |       |     6 |     2 ||     8
Armor: Scale mail        |    37 |    53 |    59 |       |       ||   149
       Chain mail        |       |       |    65 |       |       ||    65
       Plate armour      |       |       |    15 |   155 |    37 ||   207
Dodge: Dodged            |    36 |    50 |   153 |   219 |    44 ||   502
Block: Buckler           |    12 |       |       |       |       ||    12
